 Dungeon Crawl Stone Soup version 0.32-a0-931-g5a2cda0630 (webtiles) character file.

Game seed: 8681804981710376294

66 Nietzsche the Cutter (level 3, -1/27 HPs)
             Began as a Vampire Gladiator on Apr 14, 2024.
             Incinerated by a bombardier beetle (3 damage)
             ... with a burning spray
             ... on level 3 of the Dungeon.
             The game lasted 00:04:20 (1874 turns).

Nietzsche the Cutter (Vampire Gladiator)            Turns: 1874, Time: 00:04:21

Health: -1/27      AC:  4    Str: 13    XL:     3   Next: 96%
Magic:  0/4        EV: 12    Int: 12    God:
Gold:   145        SH:  0    Dex: 15    Spells: 4/4 levels left

rFire   . . .        a - +0 rapier
rCold   . . .        (no shield)
rNeg    . . .        b - +0 leather armour
rPois   .            c - +0 helmet
rElec   .            (no cloak)
rCorr   .            (no gloves)
SInv    +            (no boots)
Will    +....        n - amulet of guardian spirit
Stlth   +            (no ring)
HPRegen 0.44/turn    (no ring)
MPRegen 0.09/turn

%: guardian spirit
@: on fire, attractive, enlightened, flying, healing quickly, glowing
A: alive, fangs 3, see invisible, vampiric 2
a: Exsanguinate


You were on level 3 of the Dungeon.
You visited 1 branch of the dungeon, and saw 3 of its levels.

You collected 145 gold pieces.

Inventory:

Hand Weapons
 a - a +0 rapier (weapon)
Missiles
 d - 3 throwing nets (quivered)
 e - a javelin
Armour
 b - a +0 leather armour (worn)
 c - a +0 helmet (worn)
Magical Staves
 q - a staff of earth
Jewellery
 j - a ring of poison resistance
 n - an amulet of guardian spirit (around neck)
Wands
 p - a wand of iceblast (4)
Scrolls
 f - a scroll of revelation {unknown}
 i - a scroll of identify {unknown}
 l - a scroll of amnesia {unknown}
 m - a scroll of fog {unknown}
 o - a scroll of acquirement {unknown}
Potions
 g - a potion of heal wounds {unknown}
 h - a potion of attraction
 k - a potion of enlightenment


   Skills:
 + Level 1.9 Fighting
 + Level 4.0 Short Blades
 - Level 1.5 Throwing
 + Level 0.7 Armour
 + Level 4.0 Dodging
 * Level 1.1 Stealth
 * Level 1.1 Spellcasting


You had 4 spell levels left.
You didn't know any spells.
Your spell library contained the following spells:

 Spells                   Type           Power      Damage    Failure   Level
 Haunt                    Necr/Summ      0%         N/A       100%        7
 Borgnjor's Revivificati  Necr           Unusable   N/A       N/A         8
 Death's Door             Necr           Unusable   N/A       N/A         9

Dungeon Overview and Level Annotations

Branches:
Dungeon (3/15)

Altars:

Shops:
D:2 !


Innate Abilities, Weirdness & Mutations

Your natural rate of healing is accelerated.
You have razor-sharp teeth.
You have supernaturally acute eyesight. (SInv)
You are afflicted with vampirism and can become a bat while bloodless.


Message History

The bombardier beetle is moderately wounded.
The liquid fire burns you!
You hit the bombardier beetle.
The bombardier beetle is heavily wounded.
The liquid fire burns you!
The bombardier beetle sprays incendiary fluid at you.
The burning spray hits you.
You are even more covered in liquid fire!
You hit the bombardier beetle.
The bombardier beetle is heavily wounded.
The liquid fire burns you!
You hit the bombardier beetle.
The bombardier beetle is severely wounded.
The liquid fire burns you!
The bombardier beetle completely misses you.
You hit the bombardier beetle.
The bombardier beetle is severely wounded.
The liquid fire burns you!
The bombardier beetle sprays incendiary fluid at you.
The burning spray hits you.
You are even more covered in liquid fire!
You closely miss the bombardier beetle.
The bombardier beetle is severely wounded.
The liquid fire burns you!
* * * LOW HITPOINT WARNING * * *
Okay, then.
You hit the bombardier beetle but do no damage.
The bombardier beetle is severely wounded.
The liquid fire burns you!
* * * LOW HITPOINT WARNING * * *
The bombardier beetle barely misses you.
It was a potion of attraction.
You feel attractive to monsters. The liquid fire burns you!
* * * LOW HITPOINT WARNING * * *
It was a potion of enlightenment.
You feel very buoyant.
You fly up into the air.
The liquid fire burns you!
You die...

### .... ....###
.......
.......#######
......... ...
.......B# #.#
#...@###.##########
#..:...............
#...##...).........
#... #...[.....##
#### #..........#
#..........#
#.†(.......#
######..........#
#..........).<....


You could see a bombardier beetle.

Vanquished Creatures
  2 adders (D:2)
  A ribbon worm (D:2)
  A dart slug (D:1)
  2 ball pythons
  4 endoplasms
  2 giant cockroaches (D:2)
  5 goblins
  2 hobgoblins
  3 quokkas
  3 bats
  5 frilled lizards
  5 kobolds
  8 rats
43 creatures vanquished.

Notes
Turn   | Place    | Note
-------+----------+-------------------------------------------
     0 | D:1      | Nietzsche the Vampire Gladiator began the quest for the
                  | Orb.
     0 | D:1      | Reached XP level 1. HP: 16/16 MP: 1/1
   243 | D:1      | Reached XP level 2. HP: 22/22 MP: 2/2
  1008 | D:2      | Gained mutation: You are afflicted with vampirism and can
                  | become a bat while bloodless. [Vampire growth]
  1008 | D:2      | Reached XP level 3. HP: 25/27 MP: 3/3
  1234 | D:2      | Reached skill level 1 in Stealth
  1338 | D:2      | Reached skill level 1 in Spellcasting
  1563 | D:2      | Found Lafotadew's Distillery.
  1874 | D:3      | Incinerated by a bombardier beetle

Illustrated notes

Levels and vault maps discovered:
D:1:      dpeg_arrival_rooms_b, layout_basic, minmay_misc_feat_cross,
          minmay_misc_feat_rugged, chequers_serial_rivers_small_a,
          reono_crystal_passage, minmay_misc_feat_enclosed
D:2:      minmay_chambers_of_twos, layout_loops_ring, serial_shops, shop,
          nrook_uturn
D:3:      layout_basic, nemelex_diamond_rough_becter,
          nicolae_overflow_hidden_temple, minivault_19

Skill      XL: |  1  2  3 |
---------------+----------+-----
Short Blades   | 4 |  4.0
Stealth        | 1 |  1.1
Spellcasting   | 1 |  1.1
Dodging        | 4 |  4.0
Fighting       | |  1.9
Throwing       | |  1.5
Armour         | |  0.7

Action                     || total
---------------------------++-------
  Melee: Rapier            ||   135
         Bite              ||    11
    Use: Potion            ||     2
   Stab: Sleeping          ||     2
 Armour: Leather armour    ||    55
  Dodge: Dodged            ||    73

Table legend: (Time is in decaauts)
 A = Elapsed time spent in this place.
 B = Non-inter-level travel time spent in this place.
 C = Inter-level travel time spent in this place.
 D = Time resting spent in this place.
 E = Time spent auto-exploring this place.
 F = Levels seen in this place.
 G = Mean time per level.
                   A        B        C        D        E       F      G
               +--------+--------+--------+--------+--------+-----+--------+
         Total |   1875 |   1875 |      0 |      0 |   1414 |   3 |  625.0 |
       Dungeon |   1875 |   1875 |      0 |      0 |   1414 |   3 |  625.0 |
               +--------+--------+--------+--------+--------+-----+--------+

Top non-repeatable levels by time:
     D:1: 948 daAuts
     D:2: 888 daAuts
     D:3: 38 daAuts
